Workbook
Name ___nit1: #REF!
Name ___nit1: #REF!
Name __nit1: #REF!
Name __nit1: #REF!
Name _nit1: #REF!
Name _nit1: #REF!
Name A_impresión_IM: #REF!
Name A_impresión_IM: #REF!
Name aaa: MATCH(0.01,'Plan de Continuidad'!End_Bal,-1)+1
Name aaa: MATCH(0.01,End_Bal,-1)+1
Name aaa: MATCH(0.01,End_Bal,-1)+1
Name agencias: [1]Listas!$U$2:$U$10
Name avvillas: #REF!
Name avvillas: #REF!
Name BANCOS: [2]BANCOS!$A$2:$A$25
Name Beg_Bal: #REF!
Name Beg_Bal: #REF!
Name cartera: #REF!
Name cartera: #REF!
Name clientes: #REF!
Name clientes: #REF!
Name Data: #REF!
Name Data: #REF!
Name depositos: #REF!
Name depositos: #REF!
Name DINERS: #REF!
Name DINERS: #REF!
Name End_Bal: #REF!
Name End_Bal: #REF!
Name Extra_Pay: #REF!
Name Extra_Pay: #REF!
Name FECHA: #REF!
Name FECHA: #REF!
Name Full_Print: #REF!
Name Full_Print: #REF!
Name Header_Row: ROW(#REF!)
Name Int: #REF!
Name Int: #REF!
Name Interest_Rate: #REF!
Name Interest_Rate: #REF!
Name ITEM: #REF!
Name ITEM: #REF!
Name Last_Row: IF([3]COOADAMS!Values_Entered,Header_Row+[3]COOADAMS!Number_of_Payments,Header_Row)
Name Last_Row: IF([3]COOADAMS!Values_Entered,Header_Row+[3]COOADAMS!Number_of_Payments,Header_Row)
Name Last_Row: IF([3]COOADAMS!Values_Entered,Header_Row+[3]COOADAMS!Number_of_Payments,Header_Row)
Name Loan_Amount: #REF!
Name Loan_Amount: #REF!
Name Loan_Start: #REF!
Name Loan_Start: #REF!
Name Loan_Years: #REF!
Name Loan_Years: #REF!
Name MONITOR: #REF!
Name MONITOR: #REF!
Name MONITOR_AVVILLAS: #REF!
Name MONITOR_AVVILLAS: #REF!
Name Net_Income: #REF!
Name Net_Income: #REF!
Name NetIncomeGrowth: #REF!
Name NetIncomeGrowth: #REF!
Name nits: #REF!

Sheet RIESGO INHERENTE 
A1: CLASIFICACION | D1: EVALUACION DEL RIESGO INHERENTE | G1: EVALUACION DE LOS CONTROLES EXISTENTES | L1: RIESGO RESIDUAL | O1: TRATAMIENTO DEL RIESGO | R1: SEGUIMIENTO
A2: Nivel 1 | B2: Nivel 2 | C2: Nivel 3 | D2: Probabilidad | E2: Impacto | F2: INHERENTE | G2: Descripción del Control Existente | H2: Responsable | I2: Frecuencia | J2: Tipo | K2: Efectividad | L2: Reducción de la Probabilidad | M2: Reducción del Impacto | N2: RIESGO RESIDUAL | O2: Descripcion | P2: Responsable | Q2: Prioridad | R2: Responsable | S2: Fecha | T2: Estado
A3: 1 - Fraude Interno | B3: 11 - Actividades no autorizadas | C3: 111 - Operaciones no reveladas intencionalmente | D3: 5 | E3: 5 | F3: =VLOOKUP(D3*E3,'riesgo inherente-Anexo '!C4:D28,2,TRUE) -> Crítico | G3: 1. Todos los créditos de partes relacionadas (privilegiados y empleados) son aprobados por 4/5 partes del Consejo de Administración 2. En las notas a los estados financieros se incluye una revelación especial sobre partes relacionadas. 3. El estatuto tiene régimen de inhabilidades e incompatibilidades prohibe prebendas, ventajas, comisiones o similares a los órganos de administración y control. 4. Se cuenta con codigo de buen gobierno. 5. Segregación de funciones: autorización, registro, desembolso y reporte | H3: Auditoría y Jefe de crédito | I3: Periódico | J3: Detectivo | K3: Baja | L3: 5 | M3: 3 | N3: =VLOOKUP((D3*E3)-(L3*M3),'riesgo inherente-Anexo '!C2:D28,2,TRUE) -> Moderado | O3: Hacer seguimiento a las condiciones operaciones pasivas y otros tipos de operación de compra y venta en la que puedan presentarse conflictos de interés | P3: Auditoría | Q3: Media | R3: Gestor de Riesgos | S3: 44926 | T3: Implementación
A4: 1 - Fraude Interno | B4: 11 - Actividades no autorizadas | C4: 112 - Operaciones no autorizadas con pérdida de dinero | D4: 1 | E4: 1 | F4: =VLOOKUP(D4*E4,'riesgo inherente-Anexo '!C4:D28,2,TRUE) -> Bajo | G4: 1. Reglamentos y estatutos contienen limitaciones atribuciones y competencias de Gerencia, Comités, Consejo y funcionarios en lo relativo a los servicios, gastos e inversiones. 2. Limites legales de concentración. 3. Segregación de funciones. 4. Claves del aplicativo personalizadas y se cambian cada mes. 5. En la disposición de recursos financieros existe firmas conjuntas, visación de nota contable y segregación cargue y aprobación. 6. Contabilización solo despues de autorización de Gerencia o Consejo y pago a proveedores solo con casusación. 7. Arqueo diario de efectivo a los cajeros. 8. Póliza manejo GLOBAL | H4: Gerencia, Auditoría Interna | I4: Permanente | J4: Preventivo | K4: Alta | L4: 1 | M4: 1 | N4: =VLOOKUP((D4*E4)-(L4*M4),'riesgo inherente-Anexo '!C2:D28,2,TRUE) -> Bajo | O4: No se requiere | P4: N.A. | Q4: Baja | R4: Gestor de Riesgos | S4: 44926 | T4: Funcionamiento
A5: 1 - Fraude Interno | B5: 11 - Actividades no autorizadas | C5: 113 - Valoración errada de posiciones de forma intencional | D5: 1 | E5: 1 | F5: =VLOOKUP(D5*E5,'riesgo inherente-Anexo '!C4:D28,2,TRUE) -> Bajo | G5: 1. Análisis de crédito (requisitos y criterios mínimos obligatorios) lo realiza el analista de crédito y lo revisa la Jefe de Crédito por cuantías de aprobación x Gerencia y Comité. 2. Limitación en los montos por instancia aprobatoria. 3. Metodología de Evaluación de cartera aprobada por Consejo y efectuada por Jefe de Crédito, se presenta al comité de riesgos y al Consejo permite identificar fallas del proceso de otorgamiento. 4. Las inversiones de fondo de liquidez y los excesos temporales de tesorería se invierten en instrumentos de corto plazo y baja volatilidad. 5. Solo se tienen inversiones de patrimonio en entes gremiales. 6. No se hacen inversiones especulativas ni en propiedades de inversión. 7. Solo se tienen los bienes inmuebles donde funciona la Cooperativa y el avalúo se actualiza de manera técnica e independiente. | H5: Auditoria Interna verifica cumplimiento de limites y políticas en materia de instancias y atribuciones. Jefe de Crédito revisa lo relativo a crédito | I5: Permanente | J5: Preventivo | K5: Alta | L5: 1 | M5: 1 | N5: =VLOOKUP((D5*E5)-(L5*M5),'riesgo inherente-Anexo '!C2:D28,2,TRUE) -> Bajo | O5: No se requiere | P5: N.A. | Q5: Baja | R5: Gestor de Riesgos | S5: 44926 | T5: Implementación
A6: 1 - Fraude Interno | B6: 12 - Hurto y Fraude | C6: 121 - Fraude: fraude crediticio, hurto, depósito sin valor, etc. | D6: 1 | E6: 1 | F6: =VLOOKUP(D6*E6,'riesgo inherente-Anexo '!C4:D28,2,TRUE) -> Bajo | G6: 1. Póliza de manejo GLOBAL. 2. Seguimiento a los movimientos y operaciones de los empleados y directivos (SARLAFT). 3. Verificación diaria de movimientos y consecutivos: a) Auxiliar de oficina arma movimiento diario b) Contabilidad verifica registro y soporte c) Se remite a la Subgerencia para revisión antes de enviar al archivo 4. Verificación diaria de las notas de causación de intereses | H6: Oficial de cumplimiento, Auxiliar, Contabilidad, Subgerencia, Auditor | I6: Permanente | J6: Preventivo | K6: Alta | L6: 1 | M6: 1 | N6: =VLOOKUP((D6*E6)-(L6*M6),'riesgo inherente-Anexo '!C2:D28,2,TRUE) -> Bajo | O6: No se requiere | P6: N.A. | Q6: Alta | R6: Gestor de Riesgos | S6: 44926 | T6: Implementación
A7: 1 - Fraude Interno | B7: 12 - Hurto y Fraude | C7: 122 - Extorsión, malversación, o robo por apropiación indebida | D7: 1 | E7: 1 | F7: =VLOOKUP(D7*E7,'riesgo inherente-Anexo '!C4:D28,2,TRUE) -> Bajo | G7: 1. Vigilancia privada 2. Monitoreo de Alarmas. 3. Rondas programadas con la Policía. 4. Limite a recursos en efectivo en Caja. 5. Transportadora de Valores. 6. Poliza de seguro contra robos. 7. Apertura de oficina con Guarda. 8. Trabajo fuera del horario laboral requiere autorización de Gerencia | H7: Subgerencia | I7: Permanente | J7: Preventivo | K7: Alta | L7: 1 | M7: 1 | N7: =VLOOKUP((D7*E7)-(L7*M7),'riesgo inherente-Anexo '!C2:D28,2,TRUE) -> Bajo | O7: No se requiere | P7: N.A. | Q7: Baja | R7: Gestor de Riesgos | S7: 44926 | T7: Implementación
A8: 1 - Fraude Interno | B8: 12 - Hurto y Fraude | C8: 123 - Apropiación indebida de activos | D8: 1 | E8: 1 | F8: =VLOOKUP(D8*E8,'riesgo inherente-Anexo '!C4:D28,2,TRUE) -> Bajo | G8: 1. Arqueos diarios de caja. 2. Titulos de deuda desmaterializados. 3. Caja Fuerte con temporizador que solo maneja cajero principal y subgerente. 4. No se puede abrir la caja en días no laborales. 5. Retiro de bienes con permiso especial. 6. Cámaras internas. 7. Poliza GLOBAL de Manejo. 8. Pagarés y titulos valores en caja fuerte custodiada por analista y jefe de crédito y otra caja fuerte para Garantias reales. 9. Clave de acceso para Alarmas diferentes y personalizadas para 4 personas diferentes. | H8: Gerencia y Subgerencia, Cajeros principales y Jefe de Crédito | I8: Permanente | J8: Preventivo | K8: Alta | L8: 1 | M8: 1 | N8: =VLOOKUP((D8*E8)-(L8*M8),'riesgo inherente-Anexo '!C2:D28,2,TRUE) -> Bajo | O8: Pagarés desmaterializados y digitalización de pagarés, titulos valores y documentación contable | P8: Gerencia | Q8: Alta | R8: Gestor de Riesgos | S8: 44926 | T8: Planeación
A9: 1 - Fraude Interno | B9: 12 - Hurto y Fraude | C9: 124 - Destrucción dolosa de activos | D9: 1 | E9: 1 | F9: =VLOOKUP(D9*E9,'riesgo inherente-Anexo '!C4:D28,2,TRUE) -> Bajo | G9: 1. Poliza de PPE 2. Custodia en caja furte de dinero, titulos valores. | H9: Gerente, Subgerente, Cajero Ppal | I9: Permanente | J9: Preventivo | K9: Alta | L9: 1 | M9: 1 | N9: =VLOOKUP((D9*E9)-(L9*M9),'riesgo inherente-Anexo '!C2:D28,2,TRUE) -> Bajo | O9: No se requiere | P9: N.A. | Q9: Baja | R9: Gestor de Riesgos | S9: 44926 | T9: Implementación
A10: 1 - Fraude Interno | B10: 12 - Hurto y Fraude | C10: 125 - Falsificación | D10: 1 | E10: 1 | F10: =VLOOKUP(D10*E10,'riesgo inherente-Anexo '!C4:D28,2,TRUE) -> Bajo | G10: 1. Verificación de información y documentos en las solicitudes de crédito. 2. Desembolsos solo con crédito original. 3. Escaneo en el sistema de huella, foto y cédula. 4. Vinculación personal con documentos originales y huella en presencia de un empleado. 5. Consecutivos de cheques cargado en el sistema. 6. Conciliaciones Bancarias. 7. La chequera solo la maneja el auxiliar de crédito o el Director de Agencia | H10: Información y Oficial de cumplimiento | I10: Permanente | J10: Preventivo | K10: Alta | L10: 1 | M10: 1 | N10: =VLOOKUP((D10*E10)-(L10*M10),'riesgo inherente-Anexo '!C2:D28,2,TRUE) -> Bajo | O10: Seguridad biométrica y vinculación no presencial | P10: Gerencia | Q10: Baja | R10: Gestor de Riesgos | S10: 45291 | T10: Planeación
A11: 1 - Fraude Interno | B11: 12 - Hurto y Fraude | C11: 126 - Apropiación de: cuentas, identidad, etc. | D11: 1 | E11: 1 | F11: =VLOOKUP(D11*E11,'riesgo inherente-Anexo '!C4:D28,2,TRUE) -> Bajo | G11: 1. Topes para retiros por caja. 2. Visación de firma. 3. Documento original para retiro por caja. 4. El sistema tiene foto, huella y documento escaneado. 5. Libreta Talonario y formatos individuales para retiro 6. Tarjetas débito con clave. 7. Transferencias solo a cuentas con cetificación bancaria con autorización escrita del asociado en formato prestablecido y presencial | H11: Cajero | I11: Permanente | J11: Preventivo | K11: Alta | L11: 1 | M11: 1 | N11: =VLOOKUP((D11*E11)-(L11*M11),'riesgo inherente-Anexo '!C2:D28,2,TRUE) -> Bajo | O11: Seguridad biométrica y vinculación no presencial | P11: Gerencia | Q11: Baja | R11: Gestor de Riesgos | S11: 45291 | T11: Planeación
A12: 1 - Fraude Interno | B12: 12 - Hurto y Fraude | C12: 127 - Evasión intencional de impuestos | D12: 1 | E12: 1 | F12: =VLOOKUP(D12*E12,'riesgo inherente-Anexo '!C4:D28,2,TRUE) -> Bajo | G12: 1. Cooperativa es régimen tributario especial. 2. Revisión declaraciones tributarias. 3. Revisión aleatoria de causación y pago de declaraciones de impuestos, retenciones e información exógena | H12: Contador, Auditor Interno | I12: Permanente | J12: Preventivo | K12: Alta | L12: 1 | M12: 1 | N12: =VLOOKUP((D12*E12)-(L12*M12),'riesgo inherente-Anexo '!C2:D28,2,TRUE) -> Bajo | O12: No se requiere | P12: N.A. | Q12: Baja | R12: Gestor de Riesgos | S12: 44926 | T12: Implementación
A13: 1 - Fraude Interno | B13: 12 - Hurto y Fraude | C13: 128 - Abuso de información privilegiada (no a favor de la empresa) | D13: 1 | E13: 1 | F13: =VLOOKUP(D13*E13,'riesgo inherente-Anexo '!C4:D28,2,TRUE) -> Bajo | G13: 1. Código de ética, conducta y buen gobierno. 2. Seguridad informática para el acceso a las bases de datos. 3. Política de tratamiento de datos. 4. Transacciones a través de canales personales: No se cuenta con canales transaccionales digitales. 5. Atribuciones para acceso a aplicativos y generación de reportes. | H13: Sistemas | I13: Permanente | J13: Preventivo | K13: Alta | L13: 1 | M13: 1 | N13: =VLOOKUP((D13*E13)-(L13*M13),'riesgo inherente-Anexo '!C2:D28,2,TRUE) -> Bajo | O13: Establecer controles automáticos informáticos para envio de bases de datos a través de correos electrónicos o dispositivos externos | P13: Sistemas | Q13: Media | R13: Gestor de Riesgos | S13: 44926 | T13: Planeación
A14: 1 - Fraude Interno | B14: 12 - Hurto y Fraude | C14: 129 - Soborno, cohecho, otros relacionados en la ley | D14: 1 | E14: 1 | F14: =VLOOKUP(D14*E14,'riesgo inherente-Anexo '!C4:D28,2,TRUE) -> Bajo | G14: 1. Segregación en facultades de análisis, registro, autorización, desembolso. 2. Varias cotizaciones para adquisición de bienes y servicios por valores representativos. 3. Limitaciones en las atribuciones de compras o autorizaciones o aprobaciones. 4. Pólizas de cumplimiento | H14: Gerencia | I14: Permanente | J14: Preventivo | K14: Alta | L14: 1 | M14: 1 | N14: =VLOOKUP((D14*E14)-(L14*M14),'riesgo inherente-Anexo '!C2:D28,2,TRUE) -> Bajo | O14: No se requiere | P14: N.A. | Q14: Media | R14: Gestor de Riesgos | S14: 44926 | T14: Implementación
A15: 2 - Fraude Externo | B15: 21 - Seguridad de los Sistemas | C15: 211 - Robo de información con pérdidas de dinero | D15: 1 | E15: 1 | F15: =VLOOKUP(D15*E15,'riesgo inherente-Anexo '!C4:D28,2,TRUE) -> Bajo | G15: 1. 3 copias externas de seguridad diarias de la BD Principal. 2. Antivirus y Firewall con seguridad perimetral. 3. Acceso VPN para acceso remoto solo bajo condiciones de contingencia (Covid, paro). 4. Backup manual de cada equipo responsabilidad de usuario y tales copias se respaldan externamente por sistemas. 5. Descompresión de copias en ambiente de pruebas | H15: Sistemas | I15: Permanente | J15: Preventivo | K15: Alta | L15: 1 | M15: 1 | N15: =VLOOKUP((D15*E15)-(L15*M15),'riesgo inherente-Anexo '!C2:D28,2,TRUE) -> Bajo | O15: Evaluar poliza contra fraude electrónico | P15: Gerencia | Q15: Alta | R15: Gestor de Riesgos | S15: 44926 | T15: Planeación
A16: 2 - Fraude Externo | B16: 21 - Seguridad de los Sistemas | C16: 212 - Daños por ataques informáticos | D16: 1 | E16: 1 | F16: =VLOOKUP(D16*E16,'riesgo inherente-Anexo '!C4:D28,2,TRUE) -> Bajo | G16: 1. Antivirus y Firewall con seguridad perimetral. | H16: Sistemas | I16: Permanente | J16: Preventivo | K16: Alta | L16: 1 | M16: 1 | N16: =VLOOKUP((D16*E16)-(L16*M16),'riesgo inherente-Anexo '!C2:D28,2,TRUE) -> Bajo | O16: Evaluar poliza contra fraude electrónico | P16: Gerencia | Q16: Alta | R16: Gestor de Riesgos | S16: 44926 | T16: Planeación
A17: 2 - Fraude Externo | B17: 22 - Hurto y Fraude | C17: 221 - Robo o hurto | D17: 1 | E17: 1 | F17: =VLOOKUP(D17*E17,'riesgo inherente-Anexo '!C4:D28,2,TRUE) -> Bajo | G17: 1. Vigilancia privada 2. Monitoreo de Alarmas. 3. Rondas programadas con la Policía. 4. Limite a recursos en efectivo en Caja. 5. Transportadora de Valores. 6. Poliza de seguro contra robos. 7. Apertura de oficina con Guarda. 8. Localización de las oficinas en ubicación geográfica segura, concurrida, cercano al CAI. 8. Limitación de aforo. 9. Vigilante apertura la puerta para ingreso a la oficina | H17: Subgerencia | I17: Permanente | J17: Preventivo | K17: Alta | L17: 1 | M17: 1 | N17: =VLOOKUP((D17*E17)-(L17*M17),'riesgo inherente-Anexo '!C2:D28,2,TRUE) -> Bajo | O17: No se requiere | P17: N.A. | Q17: Media | R17: Gestor de Riesgos | S17: 44926 | T17: Implementación
A18: 2 - Fraude Externo | B18: 22 - Hurto y Fraude | C18: 222 - Falsificación | D18: 1 | E18: 1 | F18: =VLOOKUP(D18*E18,'riesgo inherente-Anexo '!C4:D28,2,TRUE) -> Bajo | G18: 1. Verificación de información y documentos en las solicitudes de crédito. 2. Desembolsos solo con crédito original. 3. Escaneo en el sistema de huella, foto y cédula. 4. Vinculación personal con documentos originales y huella en presencia de un empleado. 5. Consecutivos de cheques cargado en el sistema. 6. Conciliaciones Bancarias. 7. La chequera solo la maneja el auxiliar de crédito o el Director de Agencia | H18: Información y Oficial de cumplimiento | I18: Permanente | J18: Preventivo | K18: Alta | L18: 1 | M18: 1 | N18: Bajo | O18: Seguridad biométrica y vinculación no presencial | P18: Gerencia | Q18: Baja | R18: Gestor de Riesgos | S18: 44926 | T18: Implementación
A19: 3 - Relaciones laborales | B19: 31 - Relaciones Laborales | C19: 311 - Cuestiones relativas a remuneración | D19: 3 | E19: 3 | F19: =VLOOKUP(D19*E19,'riesgo inherente-Anexo '!C4:D28,2,TRUE) -> Moderado | G19: 1. Se suplen las vacantes internas a partir de concursos internos para dar oportunidad de ascenso a los empleados. 2. El salario de los cargos se basa en lo observado en la ciudad de Tuluá para cargos similares. 3. Bonificación y permiso de cumpleaños. 4. Buen clima laboral. 5. Se contrata a término fijo a los nuevos empleados, solo los antiguos son contrato a término indefinido | H19: Consejo de Administración | I19: Permanente | J19: Preventivo | K19: Alta | L19: 3 | M19: 1 | N19: =VLOOKUP((D19*E19)-(L19*M19),'riesgo inherente-Anexo '!C2:D28,2,TRUE) -> Moderado | O19: 1. Actualizar el estudio de escala salarial. 2. Definir política mínima de reajuste salarial sobre la inflación + productividad | P19: Gerencia y Consejo | Q19: Media | R19: Gestor de Riesgos | S19: 44926 | T19: Implementación
A20: 3 - Relaciones laborales | B20: 31 - Relaciones Laborales | C20: 312 - Cuestiones relativas a prestaciones sociales | D20: 1 | E20: 1 | F20: =VLOOKUP(D20*E20,'riesgo inherente-Anexo '!C4:D28,2,TRUE) -> Bajo | G20: 1. Se pagan las prestaciones sociales de ley oportunamente de acuerdo con las bases y normas del código sustantivo del trabajo. 2. Auditoría Interna revisa antes de los pagos. | H20: Contador | I20: Permanente | J20: Preventivo | K20: Alta | L20: 1 | M20: 1 | N20: =VLOOKUP((D20*E20)-(L20*M20),'riesgo inherente-Anexo '!C2:D28,2,TRUE) -> Bajo | O20: No se requiere | P20: N.A. | Q20: Baja | R20: Gestor de Riesgos | S20: 44926 | T20: Funcionamiento
A21: 3 - Relaciones laborales | B21: 31 - Relaciones Laborales | C21: 313 - Cuestiones relativas a terminación de contratos | D21: 1 | E21: 1 | F21: =VLOOKUP(D21*E21,'riesgo inherente-Anexo '!C4:D28,2,TRUE) -> Bajo | G21: 1. La liquidación final de prestaciones sociales se hace conforme a las bases y normas del código sustantivo de trabajo informando con el término legal de antelación la no renovación de los contratos a término fijo o pagando la respectiva indemnización cuando es sin justa causa. 2. Se cuenta con reglamento interno de trabajo actualizado el cual es conocido y difundido entre los empleados cuando se produce un cambio. | H21: Contador y Gerente | I21: Permanente | J21: Preventivo | K21: Alta | L21: 1 | M21: 1 | N21: =VLOOKUP((D21*E21)-(L21*M21),'riesgo inherente-Anexo '!C2:D28,2,TRUE) -> Bajo | O21: No se requiere | P21: N.A. | Q21: Baja | R21: Gestor de Riesgos | S21: 44926 | T21: Funcionamiento
A22: 3 - Relaciones laborales | B22: 31 - Relaciones Laborales | C22: 314 - Organización laboral | D22: 3 | E22: 3 | F22: =VLOOKUP(D22*E22,'riesgo inherente-Anexo '!C4:D28,2,TRUE) -> Moderado | G22: 1. Se cuenta con organigrama actualizado. 2. Existe adecuada segregación de funciones y separación funcional de areas comerciales, de apoyo y de riesgos. | H22: Consejo de Administración | I22: Permanente | J22: Preventivo | K22: Alta | L22: 1 | M22: 1 | N22: =VLOOKUP((D22*E22)-(L22*M22),'riesgo inherente-Anexo '!C2:D28,2,TRUE) -> Moderado | O22: 1. El consejo de administración o Junta de Vigilancia debe canalizar su relación con los empleados a través de la gerencia y no impartir instrucciones o dar ordenes directamente, ni desautorizar a la Gerencia o mantener relaciones de confianza estrecha con los trabajadores | P22: Consejo de Administración | Q22: Alta | R22: Gestor de Riesgos | S22: 44926 | T22: Implementación
A23: 3 - Relaciones laborales | B23: 32 - Higiene y Seguridad en el Trabajo | C23: 321 - Responsabilidad general: caídas, resbalones, cortadas, etc. | D23: 1 | E23: 1 | F23: =VLOOKUP(D23*E23,'riesgo inherente-Anexo '!C4:D28,2,TRUE) -> Bajo | G23: 1. Se cuenta con todos los protocolos de seguridad y mitigación en caso de accidentes laborales que exige (Camilla, Botiquín, Tensiometro). 2. Se capacita y hacen simulacros para atender accidentes laborales o atender emergencias. 3. Todos los empleados cuentan con seguridad social y ARL. | H23: Asesor Externo | I23: Permanente | J23: Preventivo | K23: Alta | L23: 1 | M23: 1 | N23: =VLOOKUP((D23*E23)-(L23*M23),'riesgo inherente-Anexo '!C2:D28,2,TRUE) -> Bajo | O23: 1. Cambiar tensiómetro a digital. 2. Revisar contrato de servicio de emergencia médica o contacto para Ambulancias | P23: Gerencia | Q23: Alta | R23: Gestor de Riesgos | S23: 44926 | T23: Implementación
A24: 3 - Relaciones laborales | B24: 32 - Higiene y Seguridad en el Trabajo | C24: 322 - Casos relacionados con las normas de higiene y seguridad | D24: 1 | E24: 1 | F24: =VLOOKUP(D24*E24,'riesgo inherente-Anexo '!C4:D28,2,TRUE) -> Bajo | G24: 1. Se efectúa evaluación y seguimiento periodico de ergonomía y condiciones físicas de los puestos de trabajo para corregir inmediatamente. 2. Pausas activas programadas. 3. Anualmente se tiene la semana de la salud para chequeos médicos a los empleados. 4. Se practica exámen médico de ingreso y retiro | H24: Asesor Externo | I24: Periódico | J24: Preventivo | K24: Alta | L24: 1 | M24: 1 | N24: =VLOOKUP((D24*E24)-(L24*M24),'riesgo inherente-Anexo '!C2:D28,2,TRUE) -> Bajo | O24: 1. Establecer ambulancia o empresa para atender emergencias médicas | P24: Gerencia | Q24: Alta | R24: Gestor de Riesgos | S24: 44926 | T24: Implementación
A25: 3 - Relaciones laborales | B25: 32 - Higiene y Seguridad en el Trabajo | C25: 323 - Indemnización a trabajadores | D25: 1 | E25: 1 | F25: =VLOOKUP(D25*E25,'riesgo inherente-Anexo '!C4:D28,2,TRUE) -> Bajo | G25: 1. Los nuevos empleados se contratan bajo la modalidad de término fijo y se hace la interrupción del contrato laboral cada año. 2. Se cuenta con la asesoría profesional de abogado laboralista (Solo 4 de 20 empleados son contrato a término indefinido). 3. Se dan oportunidades de mejora a los empleados que presentan bajo desempeño. 4. Baja rotación laboral, la mayoría de los retiros son voluntarios. | H25: Gerencia y Abogado Externo | I25: Permanente | J25: Preventivo | K25: Alta | L25: 1 | M25: 1 | N25: =VLOOKUP((D25*E25)-(L25*M25),'riesgo inherente-Anexo '!C2:D28,2,TRUE) -> Bajo | O25: No se requiere | P25: N.A. | Q25: Baja | R25: Gestor de Riesgos | S25: 44926 | T25: Implementación
A26: 3 - Relaciones laborales | B26: 33 - Discriminación | C26: 331 - Todo tipo de discriminación | D26: 1 | E26: 1 | F26: =VLOOKUP(D26*E26,'riesgo inherente-Anexo '!C4:D28,2,TRUE) -> Bajo | G26: 1. Se cuenta con comité de convivencia laboral. 2. Clima laboral y ambiente de trabajo es excelente sin casos de acoso o discriminación. 3. Capacitación anual sobre prevención del acoso laboral. 4. Trimestralmente se programan en el comité actividades de beneficio e integración de los trabajadores | H26: Comité de Convivencia Laboral | I26: Permanente | J26: Preventivo | K26: Alta | L26: 1 | M26: 1 | N26: =VLOOKUP((D26*E26)-(L26*M26),'riesgo inherente-Anexo '!C2:D28,2,TRUE) -> Bajo | O26: Capacitaciones para empleados diferentes de las eminentemente técnicas y que apunten a su crecimiento personal y desarrollara actividades de integración del personal | P26: Comité | Q26: Alta | R26: Gestor de Riesgos | S26: 44926 | T26: Implementación
A27: 3 - Relaciones laborales | B27: 34 - Recurso Humano | C27: 341 - Falta de capacitación | D27: 1 | E27: 1 | F27: =VLOOKUP(D27*E27,'riesgo inherente-Anexo '!C4:D28,2,TRUE) -> Bajo | G27: 1. Capacitación anual en SARLAFT. 2. Capacitación permanente para empleados en relación con su rol a través de seminarios, foros, talleres programados por entidades o asesores expertos. 3. Asesoría y capacitación particular y permanente para la implementación y mantenimiento de los sistemas de riesgo. 4. Se incluye partida de capacitación en el presupuesto a partir de las necesidades que expresa cada área | H27: Comité de Educación y Gerencia | I27: Permanente | J27: Preventivo | K27: Alta | L27: 1 | M27: 1 | N27: =VLOOKUP((D27*E27)-(L27*M27),'riesgo inherente-Anexo '!C2:D28,2,TRUE) -> Bajo | O27: No se requiere | P27: N.A. | Q27: Baja | R27: Gestor de Riesgos | S27: 44926 | T27: Implementación
A28: 3 - Relaciones laborales | B28: 34 - Recurso Humano | C28: 342 - Alta rotación de personal | D28: 1 | E28: 1 | F28: =VLOOKUP(D28*E28,'riesgo inherente-Anexo '!C4:D28,2,TRUE) -> Bajo | G28: 1. Buen ambiente laboral. 2. Remuneración relativamente acorde con lo observado en la Plaza. 3. Oportunidades de ascenso en la organización. 4. Capacitación permanente. 5. Oportunidades de mejora constante para empleados que presentan bajo desempeño en algún area. 6. Posibilidad de acceso a los servicios de la Cooperativa | H28: Gerencia y Consejo de Administración | I28: Permanente | J28: Preventivo | K28: Alta | L28: 1 | M28: 1 | N28: =VLOOKUP((D28*E28)-(L28*M28),'riesgo inherente-Anexo '!C2:D28,2,TRUE) -> Bajo | O28: Crédito especial para empleados: VIVIENDA, EDUCACIÓN SUPERIOR | P28: Consejo de Administración | Q28: Alta | R28: Gestor de Riesgos | S28: 44926 | T28: Implementación
A29: 3 - Relaciones laborales | B29: 34 - Recurso Humano | C29: 343 - Alta temporalidad | D29: 1 | E29: 1 | F29: =VLOOKUP(D29*E29,'riesgo inherente-Anexo '!C4:D28,2,TRUE) -> Bajo | G29: No se tienen trabajadores Temporales. A pesar de que los trabajadores están contratados a término fijo se les renueva permanentemente el contrato y mantienen estabilidad motivo por el cual la gran mayoría de los retiros son voluntarios | H29: Gerencia y Consejo de Administración | I29: Permanente | J29: Preventivo | K29: Alta | L29: 1 | M29: 1 | N29: =VLOOKUP((D29*E29)-(L29*M29),'riesgo inherente-Anexo '!C2:D28,2,TRUE) -> Bajo | O29: No se requiere | P29: N.A. | Q29: Baja | R29: Gestor de Riesgos | S29: 44926 | T29: Implementación
A30: 3 - Relaciones laborales | B30: 34 - Recurso Humano | C30: 344 - Falta de personal | D30: 1 | E30: 1 | F30: =VLOOKUP(D30*E30,'riesgo inherente-Anexo '!C4:D28,2,TRUE) -> Bajo | G30: 1. Se asignan horarios y cargas laborales acordes con el cargo, experiencia y responsabilidad. 2. No se presenta trabajo suplementario o por fuera del horario de trabajo de manera excesiva o permanente. 3. Los empleados salen a vacaciones anualmente. 4. Los reemplazos en vacaciones de los empleados son efectuados por un Supernumerario | H30: Gerencia y Consejo de Administración | I30: Permanente | J30: Preventivo | K30: Alta | L30: 1 | M30: 1 | N30: =VLOOKUP((D30*E30)-(L30*M30),'riesgo inherente-Anexo '!C2:D28,2,TRUE) -> Bajo | O30: Actualizar estudio de cargas laborales y escala salarial | P30: Gerencia | Q30: Baja | R30: Gestor de Riesgos | S30: 44926 | T30: Implementación
A31: 3 - Relaciones laborales | B31: 34 - Recurso Humano | C31: 345 - Pérdida de talento | D31: 1 | E31: 1 | F31: =VLOOKUP(D31*E31,'riesgo inherente-Anexo '!C4:D28,2,TRUE) -> Bajo | G31: 1. Buen ambiente laboral. 2. Remuneración relativamente acorde con lo observado en la Plaza. 3. Oportunidades de ascenso en la organización. 4. Capacitación permanente. 5. Oportunidades de mejora constante para empleados que presentan bajo desempeño en algún area. 6. Posibilidad de acceso a los servicios de la Cooperativa. 7. No existe una gran cantidad de entidades solidarias en Tuluá de tamaño similar o superior a la Cooperativa | H31: Gerencia y Consejo de Administración | I31: Permanente | J31: Preventivo | K31: Alta | L31: 1 | M31: 1 | N31: =VLOOKUP((D31*E31)-(L31*M31),'riesgo inherente-Anexo '!C2:D28,2,TRUE) -> Bajo | O31: No se requiere | P31: N.A. | Q31: Baja | R31: Gestor de Riesgos | S31: 44926 | T31: Implementación
A32: 4 - Asociados o Clientes | B32: 41 - Adecuación, divulgación de información y confianza | C32: 411 - Incumplimiento de pautas, abuso de confianza | D32: 3 | E32: 3 | F32: =VLOOKUP(D32*E32,'riesgo inherente-Anexo '!C4:D28,2,TRUE) -> Moderado | G32: 1. El código de ética y reglamento de trabaja establece pautas de comportamiento adecuado y limite en la relaciones con los asociados, proveedores otros empleados y contrapartes donde se establecen prohibiciones específicas como recibir sobornos, dádivas o similares a cambio de privilegio alguno en los servicios o negociaciones 2. Segregación de funciones e independencia funcional entre personas que atienden los asociados y quienes fijan las condiciones de los productos y autorizan las operaciones o analizan los riesgos 3. Operaciones de directivos y empleados pasan siempre a Consejo y no pueden servir de codeudores de créditos 4. Poliza de Manejo Global | H32: Gerencia | I32: Permanente | J32: Preventivo | K32: Alta | L32: 5 | M32: 3 | N32: =VLOOKUP((D32*E32)-(L32*M32),'riesgo inherente-Anexo '!C2:D28,2,TRUE) -> Bajo | O32: Difundir y capacitar empleados y directivos sobre revelación y restricción de operaciones que impliquen conflicto de interés (operaciones con familiares) - Revelar operaciones con familiares de empleados | Q32: Baja | R32: Gestor de Riesgos | S32: 44926 | T32: Implementación
A33: 4 - Asociados o Clientes | B33: 41 - Adecuación, divulgación de información y confianza | C33: 412 - Aspectos de adecuación, divulgación de la información | D33: 1 | E33: 1 | F33: =VLOOKUP(D33*E33,'riesgo inherente-Anexo '!C4:D28,2,TRUE) -> Bajo | G33: 1. Se entrega plan de pagos al asociado en los desembolsos y previamente se informa las condiciones del crédito. 2. El reglamento de crédito y condiciones se encuentran en la página WEB 3. Tasas activas y pasivas están publicadas en términos efectivos anuales. 4. Página WEB contiene toda la información del Régimen Tributario Especial, así como los reglamentos, miembros de los órganos de adminsitración y control 5. Los horarios están publicados en las puertas de acceso 6. Capacitación mensual con nuevos asociados para inducción: cooperativismo, deberes y derechos, servicios, comunicación, capacitación, participación. | H33: Operador de Sistemas y Comité de Medios | I33: Permanente | J33: Preventivo | K33: Alta | L33: 1 | M33: 1 | N33: =VLOOKUP((D33*E33)-(L33*M33),'riesgo inherente-Anexo '!C2:D28,2,TRUE) -> Bajo | O33: No se requiere | P33: N.A. | Q33: Baja | R33: Gestor de Riesgos | S33: 44926 | T33: Implementación
A34: 4 - Asociados o Clientes | B34: 41 - Adecuación, divulgación de información y confianza | C34: 413 - Violar la privacidad de información sobre clientes minoristas | D34: 1 | E34: 1 | F34: =VLOOKUP(D34*E34,'riesgo inherente-Anexo '!C4:D28,2,TRUE) -> Bajo | G34: 1. Archivo de expedientes de asociados bajo responsabilidad de un empleado y el acceso requiere solicitud escrita. Se hace arqueo de expedientes. 2. Prohibición a empleados de revelar o entregar información a personas diferentes del asociado. 3. En la política de tratamiento de datos y código de ética está la obligación de tratamiento confidencial de información reservada o sensible. | H34: Operador de Archivo | I34: Permanente | J34: Preventivo | K34: Alta | L34: 1 | M34: 1 | N34: =VLOOKUP((D34*E34)-(L34*M34),'riesgo inherente-Anexo '!C2:D28,2,TRUE) -> Bajo | O34: Capacitacion en gestión documental del responsable de Archivo | P34: Operador de Archivo | Q34: Baja | R34: Gestor de Riesgos | S34: 44926 | T34: Implementación
A35: 4 - Asociados o Clientes | B35: 41 - Adecuación, divulgación de información y confianza | C35: 414 - Otra violación de privacidad | D35: 5 | E35: 3 | F35: =VLOOKUP(D35*E35,'riesgo inherente-Anexo '!C4:D28,2,TRUE) -> Alto | G35: 1. Perfiles de usuario para acceso a los aplicativos según funciones y niveles de responsabilidad | H35: Operador de sistemas | I35: Permanente | J35: Preventivo | K35: Alta | L35: 1 | M35: 1 | N35: =VLOOKUP((D35*E35)-(L35*M35),'riesgo inherente-Anexo '!C2:D28,2,TRUE) -> Alto | O35: Evaluar que controles son posibles establecer para prevenir una sustracción indebida de datos de los asociados | P35: Operador de Sistemas | Q35: Alta | R35: Gestor de Riesgos | S35: 44926 | T35: Implementación
A36: 4 - Asociados o Clientes | B36: 41 - Adecuación, divulgación de información y confianza | C36: 415 - Ventas/Colocaciones agresivas | D36: 1 | E36: 1 | F36: =VLOOKUP(D36*E36,'riesgo inherente-Anexo '!C4:D28,2,TRUE) -> Bajo | G36: 1. Por reglamento un asociado solo puede tener dos lineas de crédito o servir de codeudor a dos personas. 2. Metas comerciales alcanzables se les hace seguimiento pero no se generan presiones que promuevan malas prácticas comerciales 3. Empleados del area comercial tienen ingresos fijos 4. Comisiones o estimulos por logro de metas comerciales no son representativos frente a los ingresos laborales deventados | H36: Subgerencia | I36: Permanente | J36: Preventivo | K36: Alta | L36: 1 | M36: 1 | N36: =VLOOKUP((D36*E36)-(L36*M36),'riesgo inherente-Anexo '!C2:D28,2,TRUE) -> Bajo | O36: No se requiere | P36: N.A. | Q36: Baja | R36: Gestor de Riesgos | S36: 44926 | T36: Implementación
A37: 4 - Asociados o Clientes | B37: 41 - Adecuación, divulgación de información y confianza | C37: 416 - Confusión de cuentas | D37: 1 | E37: 1 | F37: =VLOOKUP(D37*E37,'riesgo inherente-Anexo '!C4:D28,2,TRUE) -> Bajo | G37: 1. Verificación diaria de todas las operaciones de caja. 2. Verificación de identidad en operaciones 3. Notas por transferencia o consignación a través de red bancaria son revisadas por Jefe de Crédito y aprobadas por Subgerencia. 4. SMS automático para cartera en mora y verificación de saldos en linea para asociados, notificaciones automáticas por movimiento de Tarjeta Débito | H37: Auxiliar de oficina, subgerencia y operador de sistemas | I37: Permanente | J37: Preventivo | K37: Alta | L37: 1 | M37: 1 | N37: =VLOOKUP((D37*E37)-(L37*M37),'riesgo inherente-Anexo '!C2:D28,2,TRUE) -> Bajo | O37: No se requiere | P37: N.A. | Q37: Alta | R37: Gestor de Riesgos | S37: 44926 | T37: Implementación
A38: 4 - Asociados o Clientes | B38: 41 - Adecuación, divulgación de información y confianza | C38: 417 - Información confidencial | D38: 1 | E38: 1 | F38: =VLOOKUP(D38*E38,'riesgo inherente-Anexo '!C4:D28,2,TRUE) -> Bajo | G38: 1. Auditoría custodia actas de: Asamblea, Consejo, Junta. 2. Revisión de Actas de manera digital para uso interno y física al interior de la Cooperativa 3. Compromiso de confidencialidad frente a información de actas por parte de la Junta de vigilancia. 4. Contabilidad conserva informacion contable y archivo inactivo con acceso restringido bajo llave. 5. Analista de crédito custodia actas de creditos y la Jefe de Crédito las de riesgos, foliadas, bajo llave, con firma de oficial de cumplimiento. Solo se revisan fisicamente sin copias fisicas o digitales | H38: Auditoría y Jefe de crédito | I38: Permanente | J38: Preventivo | K38: Alta | L38: 1 | M38: 1 | N38: =VLOOKUP((D38*E38)-(L38*M38),'riesgo inherente-Anexo '!C2:D28,2,TRUE) -> Bajo | O38: Para la entrega de documentos digitales de actas o contables establecer claves de acceso al documento | P38: Auditoría | Q38: Alta | R38: Gestor de Riesgos | S38: 44926 | T38: Implementación
A39: 4 - Asociados o Clientes | B39: 42 - Prácticas empresariales o de mercado improcedentes | C39: 421 - Prácticas restrictivas de la competencia | D39: 1 | E39: 1 | F39: =VLOOKUP(D39*E39,'riesgo inherente-Anexo '!C4:D28,2,TRUE) -> Bajo | G39: 1. Los reglamentos y estatutos no impiden que los asociados puedan ser asociados o clientes de otras entidades. 2. Las condiciones de los productos son de mercado. 3. En las compras de cartera que se hacen la Cooperativa simplemente verifica que el pago se haga a la entidad acreedora del asociado. 4. No existen trabas, costos, penalidades o impedimentos para que los asociados efectúen pagos anticipados de sus créditos parciales o totales o para la expedición de certificaciones de saldos. | H39: Consejo de Administración | I39: Permanente | J39: Preventivo | K39: Alta | L39: 1 | M39: 1 | N39: =VLOOKUP((D39*E39)-(L39*M39),'riesgo inherente-Anexo '!C2:D28,2,TRUE) -> Bajo | O39: No se requiere | P39: N.A. | Q39: Baja | R39: Gestor de Riesgos | S39: 44926 | T39: Implementación
A40: 4 - Asociados o Clientes | B40: 42 - Prácticas empresariales o de mercado improcedentes | C40: 422 - Prácticas comerciales o de mercadeo improcedentes | D40: 1 | E40: 1 | F40: =VLOOKUP(D40*E40,'riesgo inherente-Anexo '!C4:D28,2,TRUE) -> Bajo | G40: 1. Asesores comerciales a empresas para convenios de libranzas o visitas a personas naturales sin incentivos diferentes al porfafolio de servicios. 2. Programas de Referidos 3. Los asesores comerciales devengan mayoritariamente sus ingresos laborales de manera fija de tal forma que no se incentivan desde la administración prácticas indebidas 4. No se acepta el pago de comisiones, sobornos o dádivas para ser favorecidos en ninguna negociación como por ejemplo CONVENIOS DE LIBRANZA | H40: Consejo de Administración | I40: Permanente | J40: Preventivo | K40: Alta | L40: 1 | M40: 1 | N40: =VLOOKUP((D40*E40)-(L40*M40),'riesgo inherente-Anexo '!C2:D28,2,TRUE) -> Bajo | O40: No se requiere | P40: N.A. | Q40: Baja | R40: Gestor de Riesgos | S40: 44926 | T40: Implementación
A41: 4 - Asociados o Clientes | B41: 42 - Prácticas empresariales o de mercado improcedentes | C41: 423 - Manipulación del mercado | D41: 1 | E41: 1 | F41: =VLOOKUP(D41*E41,'riesgo inherente-Anexo '!C4:D28,2,TRUE) -> Bajo | G41: 1. El tamaño de la coopertiva no da para manipular el mercado de Tuluá en ahorro y crédito 2. Las condiciones de los productos de ahorro y crédito se ajustan a las condiciones del mercado | H41: Consejo de Administración | I41: Permanente | J41: Preventivo | K41: Alta | L41: 1 | M41: 1 | N41: =VLOOKUP((D41*E41)-(L41*M41),'riesgo inherente-Anexo '!C2:D28,2,TRUE) -> Bajo | O41: No se requiere | P41: N.A. | Q41: Alta | R41: Gestor de Riesgos | S41: 44926 | T41: Implementación
A42: 4 - Asociados o Clientes | B42: 42 - Prácticas empresariales o de mercado improcedentes | C42: 424 - Abuso de información privilegiada en favor de la empresa | D42: 1 | E42: 1 | F42: =VLOOKUP(D42*E42,'riesgo inherente-Anexo '!C4:D28,2,TRUE) -> Bajo | G42: 1. No se compran bases de datos o acceso a informacion privilegiada no autorizada por sus titulares para efectos de campañas comerciales o de ofrecimiento de la cooperativa | H42: Consejo de Administración | I42: Permanente | J42: Preventivo | K42: Alta | L42: 1 | M42: 1 | N42: =VLOOKUP((D42*E42)-(L42*M42),'riesgo inherente-Anexo '!C2:D28,2,TRUE) -> Bajo | O42: No se requiere | P42: N.A. | Q42: Baja | R42: Gestor de Riesgos | S42: 44926 | T42: Implementación
A43: 4 - Asociados o Clientes | B43: 42 - Prácticas empresariales o de mercado improcedentes | C43: 425 - Actividades no autorizadas | D43: 1 | E43: 1 | F43: =VLOOKUP(D43*E43,'riesgo inherente-Anexo '!C4:D28,2,TRUE) -> Bajo | G43: 1. La actividad financiera se ejerce de manera especializada bajo las instrucciones y supervisión de Fogacoop y Supersolidaria 2. Auditoría Interna y Revisoría Fiscal verifican legalidad de los actos de los administradores y de las operaciones e inversiones 3. Comité de Riesgos y manuales de Riesgos, monitoreo permanente de riesgos 4. Régimen de operaciones, inversiones, limites prudenciales legales y propios reglamentados, monitoreados permanentemente por los entes de control y auditoría interna, riesgos y revisoría fiscal | H43: Consejo de Administración | I43: Permanente | J43: Preventivo | K43: Alta | L43: 1 | M43: 1 | N43: =VLOOKUP((D43*E43)-(L43*M43),'riesgo inherente-Anexo '!C2:D28,2,TRUE) -> Bajo | O43: No se requiere | P43: N.A. | Q43: Baja | R43: Gestor de Riesgos | S43: 44926 | T43: Implementación
A44: 4 - Asociados o Clientes | B44: 43 - Productos o Servicios defectuosos | C44: 431 - Defectos del producto | D44: 1 | E44: 1 | F44: =VLOOKUP(D44*E44,'riesgo inherente-Anexo '!C4:D28,2,TRUE) -> Bajo | G44: 1. OPA el aplicativo contable especializado y de servicios liquida automáticamente los intereses, cuotas y dempas proceso de manera automática de acuerdo con la parametrización. 2. La parametrización de los productos de ahorro y crédito la hace el operador de sistemas con comunicado de Gerencia que son a su vez aprobadas por el Consejo de Administración. 3. Pruebas aleatorias de liquidaciones por parte de Auditoría Interna y Revisoría Fiscal 4. Revisión diaria del proceso de cierre de las notas contables y que el proceso de causación esté funcionando adecuadamente | H44: Auditoria Interna y operador de sistemas | I44: Permanente | J44: Preventivo | K44: Alta | L44: 1 | M44: 1 | N44: =VLOOKUP((D44*E44)-(L44*M44),'riesgo inherente-Anexo '!C2:D28,2,TRUE) -> Bajo | O44: No se requiere | P44: N.A. | Q44: Baja | R44: Gestor de Riesgos | S44: 44926 | T44: Implementación
A45: 4 - Asociados o Clientes | B45: 43 - Productos o Servicios defectuosos | C45: 432 - Error de los modelos | D45: 1 | E45: 1 | F45: =VLOOKUP(D45*E45,'riesgo inherente-Anexo '!C4:D28,2,TRUE) -> Bajo | G45: 1. Revisiones manuales frente a dudas con liquidaciones de créditos o de ahorros (back testing) 2. Requerimientos a OPA para correcciones y ajustes 3. OPA como aplicativo implementa las instrucciones y nuevos controles o requerimientos de la Supersolidaria o FOGACOOP 4. OPA es un softwafe confiable, especializado en intermediación financiera en el sector solidario 5. Pruebas de la REvisoría Fiscal | H45: Operador de sistemas, Auditoría Interna y Jefe de Crédito | I45: Permanente | J45: Preventivo | K45: Alta | L45: 1 | M45: 1 | N45: =VLOOKUP((D45*E45)-(L45*M45),'riesgo inherente-Anexo '!C2:D28,2,TRUE) -> Bajo | O45: No se requiere | P45: N.A. | Q45: Alta | R45: Gestor de Riesgos | S45: 44926 | T45: Implementación
A46: 5 - Daños a Activos Físicos | B46: 51 - Desastres y otros acontecimientos | C46: 511 - Pérdida por desastres naturales | D46: 1 | E46: 5 | F46: =VLOOKUP(D46*E46,'riesgo inherente-Anexo '!C4:D28,2,TRUE) -> Bajo | G46: 1. La sede física de la entidad no está localizada en una zona de alto riesgo. El único riesgo identificado es los daños que pueda ocasionar un posible terremoto, sin embargo la oficina es un edificio de solo 3 pisos. 2. Toda la propiedad planta y equipo se encuentra asegurada | H46: Contador | I46: Permanente | J46: Preventivo | K46: Alta | L46: 1 | M46: 5 | N46: =VLOOKUP((D46*E46)-(L46*M46),'riesgo inherente-Anexo '!C2:D28,2,TRUE) -> Bajo | O46: Revisar el valor de las coberturas con que cuentan las diferentes polizas de la Cooperativa | P46: Contadora | Q46: Baja | R46: Gestor de Riesgos | S46: 44926 | T46: Implementación
A47: 5 - Daños a Activos Físicos | B47: 51 - Desastres y otros acontecimientos | C47: 512 - Pérdida por causas externas: vandalismo, terrorismo, etc. | D47: 3 | E47: 3 | F47: =VLOOKUP(D47*E47,'riesgo inherente-Anexo '!C4:D28,2,TRUE) -> Moderado | G47: 1. Las sedes de la cooperativa están localizadas en zonas con buenas condiciones de seguridad y cuentan con rondas de la policía, lejos del Centro del municipio donde son más frecuentes este tipo de manifestaciones y actos vandálicos ni cerca de edificios o sedes de entidades que puedan ser blanco de atentados terroristas. 2. Se cuenta con reja de seguridad para evitar accesos no autorizados. | H47: Gerencia | I47: Permanente | J47: Preventivo | K47: Alta | L47: 1 | M47: 1 | N47: =VLOOKUP((D47*E47)-(L47*M47),'riesgo inherente-Anexo '!C2:D28,2,TRUE) -> Moderado | O47: 1. Evaluar posibilidad de instalar persianas para mejorar la protección física. 2. Culminar plan de continuidad del negocio | P47: Gerencia y Sistemas | Q47: Alta | R47: Gestor de Riesgos | S47: 44926 | T47: Implementación
A48: 6 - Fallas tecnológicas | B48: 61 - Sistemas | C48: 611 - Pérdida por problemas en software | D48: 1 | E48: 5 | F48: =VLOOKUP(D48*E48,'riesgo inherente-Anexo '!C4:D28,2,TRUE) -> Bajo | G48: 1. Software OPA tiene 4 copias de seguridad diarias (2 manuales y 2 automáticas): en el servidor y en discos duros alojados en caja fuerte. Se conservan las copias diarias del año inmediatamente anterior y del año en curso. Una de las copias diarias se aloja en la NUBE (la más actualizada) en los servidores de OPA. 2. Ante las ausencias temporales del responsable de subir la copia a la NUBE se deja encargada una persona de tal labor. 3. Cada usuario es responsable de respaldar sus demas archivos de trabajo en carpeta en el servidor y en disco duro externo | H48: Sistemas | I48: Permanente | J48: Preventivo | K48: Alta | L48: 4 | M48: 1 | N48: =VLOOKUP((D48*E48)-(L48*M48),'riesgo inherente-Anexo '!C2:D28,2,TRUE) -> Bajo | O48: Evaluar posibilidad de respaldar la copia de los demás archivos diferentes al aplicativo, también en la Nube | P48: Sistemas | Q48: Alta | R48: Gestor de Riesgos | S48: 44926 | T48: Implementación
A49: 6 - Fallas tecnológicas | B49: 61 - Sistemas | C49: 612 - Pérdida por daños o problemas en hardware | D49: 1 | E49: 1 | F49: =VLOOKUP(D49*E49,'riesgo inherente-Anexo '!C4:D28,2,TRUE) -> Bajo | G49: 1. Poliza de seguro multiriesgo 2. Controles de acceso físico a las oficinas: guarda de seguridad, alarma, monitoreo por cámaras. 3. Se realiza plan de mantenimiento 4. Cada año se efectúa reposición de equipos por obsolescencia 5. Servidor en Gabinete cerrado con cámara de seguridad y UPS en las dos sedes con linea regulada para todos los equipos. | H49: Sistemas | I49: Permanente | J49: Preventivo | K49: Alta | L49: 1 | M49: 1 | N49: =VLOOKUP((D49*E49)-(L49*M49),'riesgo inherente-Anexo '!C2:D28,2,TRUE) -> Bajo | O49: Culminar plan de recuperación de Desastres (RDP) | P49: Sistemas | Q49: Alta | R49: Gestor de Riesgos | S49: 44926 | T49: Implementación
A50: 6 - Fallas tecnológicas | B50: 61 - Sistemas | C50: 613 - Pérdida por fallas en telecomunicaciones | D50: 1 | E50: 1 | F50: =VLOOKUP(D50*E50,'riesgo inherente-Anexo '!C4:D28,2,TRUE) -> Bajo | G50: 1. Fibra óptica permite conexión a través de otros NODOS con las otras sedes 2. Se cuenta con proveedor alterno de INTERNET para uso interno y conexión de los equipos (no con las otras sedes) 3. Tanto en el paro como en la Pandemia se activo el acceso VPN para trabajo desde la Casa | H50: Sistemas | I50: Permanente | J50: Preventivo | K50: Alta | L50: 1 | M50: 1 | N50: =VLOOKUP((D50*E50)-(L50*M50),'riesgo inherente-Anexo '!C2:D28,2,TRUE) -> Bajo | O50: 1. Ubicar sitio de atención alterno (se está evaluando sede sindicato y Riofrio) 2. Culminar plan de continuidad del negocio | P50: Gerencia y Sistemas | Q50: Baja | R50: Gestor de Riesgos | S50: 44926 | T50: Implementación
A51: 6 - Fallas tecnológicas | B51: 61 - Sistemas | C51: 614 - Interrupción en el suministro de un servicio público que ocasione falla en los sistemas | D51: 1 | E51: 1 | F51: =VLOOKUP(D51*E51,'riesgo inherente-Anexo '!C4:D28,2,TRUE) -> Bajo | G51: 1. Se cuenta con UPS en las dos sedes que respaldan entre 15 y 20 minutos para todos los equipos 2. Se cuenta con planta eléctrica en la sede principal que ante una interrupción del suministro de energía entra a operar inmediatamente y puede soportar todos los equipos durante 4 horas antes de tener que recargarla y durante la interrupción la UPS brinda el respaldo necesario para no interrumpir la prestación del servicio. | H51: Sistemas | I51: Permanente | J51: Preventivo | K51: Alta | L51: 1 | M51: 1 | N51: =VLOOKUP((D51*E51)-(L51*M51),'riesgo inherente-Anexo '!C2:D28,2,TRUE) -> Bajo | O51: No se requiere | P51: N.A. | Q51: Media | R51: Gestor de Riesgos | S51: 44926 | T51: Implementación
A52: 7 - Ejecución y administración de procesos | B52: 71 - Recepción, ejecución y mantenimiento de operaciones | C52: 711 - Comunicaciones defectuosas con contrapartes | D52: 1 | E52: 1 | F52: =VLOOKUP(D52*E52,'riesgo inherente-Anexo '!C4:D28,2,TRUE) -> Bajo | G52: 1. Cartas de cobro las hace auxiliar de cartera y se envían por correo certificado (Habeas Data) 2. Auxiliar de créditos en momento de desembolso explica al beneficiario y diligencia carta de aceptación del crédito con huella. 3. Carta de actualización de datos 4. Debida diligencia para devolución de saldos a ex asociados 5. Contrato con abogados externos para respuesta derechos de petición, principalmente relacionados con reportes a las Centrales de Riesgo. 6. Sistema PQRS administrado por la Junta de Vigilancia | H52: Gerencia, Cartera, Secretaria y Abogados Externos | I52: Permanente | J52: Preventivo | K52: Alta | L52: 1 | M52: 1 | N52: =VLOOKUP((D52*E52)-(L52*M52),'riesgo inherente-Anexo '!C2:D28,2,TRUE) -> Bajo | O52: Capacitación y actualización del proceso con modificaciones a la ley de habeas data Ley 1527 de 2021 | P52: Cartera | Q52: Alta | R52: Gestor de Riesgos | S52: 44926 | T52: Implementación
A53: 7 - Ejecución y administración de procesos | B53: 71 - Recepción, ejecución y mantenimiento de operaciones | C53: 712 - Errores en digitación de datos, mantenimiento o descarga | D53: 1 | E53: 1 | F53: =VLOOKUP(D53*E53,'riesgo inherente-Anexo '!C4:D28,2,TRUE) -> Bajo | G53: 1. Los movimientos diarios se pasan al auxiliar de oficina para su revisión (consecutivos, contabilización y soporte) 2. Area contable revisa contabilización y aprobación 3. Subgerencia aprueba y luego se archiva 4. Autocontrol, conciliaciones bancarias, Auditoría Interna 5. Reporte mensual a la Central de Riesgos, a la Supersolidaria a través del SICSES implica revisión de información para detectar errores o inconsistencias. 6. Cierre diario de operaciones de cartera, aportes, ahorros. 7. Procesos automaticos de causación de intereses, cartera, deterioro, depreciación. 8. Revisión diaria de desembolsos de créditos por Jefe de Crédito y Cartera y de proveedores por Gerencia 9. Revisión de datos ingresados de nuevos asociados: subgerencia y oficial de cumplimientos | H53: Auxiliar de oficina, Contadora y Subgerencia | I53: Permanente | J53: Preventivo | K53: Alta | L53: 1 | M53: 1 | N53: =VLOOKUP((D53*E53)-(L53*M53),'riesgo inherente-Anexo '!C2:D28,2,TRUE) -> Bajo | O53: No se requiere | P53: N.A. | Q53: Baja | R53: Gestor de Riesgos | S53: 44926 | T53: Implementación
A54: 7 - Ejecución y administración de procesos | B54: 71 - Recepción, ejecución y mantenimiento de operaciones | C54: 713 - Incumplimiento de plazos o responsabilidades | D54: 1 | E54: 1 | F54: =VLOOKUP(D54*E54,'riesgo inherente-Anexo '!C4:D28,2,TRUE) -> Bajo | G54: 1. Area Contable tiene cronograma anual de responsabilidades: reportes SES, declaraciones tributarias, renovación RUES, pago contribución, reportes a otros entes. 2. Centrales de Riesgo: Sistemas genera el archivo, Jefe de Crédito revisa el reporte y Sistemas carga la informacion. 3. UIAF: cuenta con cronograma y efectúa los reportes. 4. Auditor Interno verifica cumplimiento oportuno de obligaciones de reporte | H54: Contadora, Sistemas, Oficial | I54: Permanente | J54: Preventivo | K54: Alta | L54: 1 | M54: 1 | N54: =VLOOKUP((D54*E54)-(L54*M54),'riesgo inherente-Anexo '!C2:D28,2,TRUE) -> Bajo | O54: Evaluación semestral de efectividad SIAR (Literal h, 3.2.1. numeral 12 Capitulo I Titulo IV CBC) - Revisar otras responsabilidades de auditoría interna | P54: Auditoría | Q54: Alta | R54: Gestor de Riesgos | S54: 44926 | T54: Implementación
A55: 7 - Ejecución y administración de procesos | B55: 71 - Recepción, ejecución y mantenimiento de operaciones | C55: 714 - Ejecución errónea de modelos o de sistemas | D55: 1 | E55: 1 | F55: =VLOOKUP(D55*E55,'riesgo inherente-Anexo '!C4:D28,2,TRUE) -> Bajo | G55: 1. Actualización anual de variables de riesgo para otorgamiento de crédito. 2. Evaluación semestral de la cartera de crédito 3. Monitoreo mensual de la cartera: cosechas, matrices, indicadores de calidad de cartera 4. Cálculo y revisión mensual de la brecha de liquidez y el IRL en excel se complementa con informacion generada por OPA. | H55: Contadora y Comités de Riesgos | I55: Permanente | J55: Preventivo | K55: Alta | L55: 1 | M55: 1 | N55: =VLOOKUP((D55*E55)-(L55*M55),'riesgo inherente-Anexo '!C2:D28,2,TRUE) -> Bajo | O55: Implementación de pérdida esperada y pruebas aleatorias de cálculos automáticos que efectuará el sistema | P55: Contadora | Q55: Alta | R55: Gestor de Riesgos | S55: 44926 | T55: Implementación
A56: 7 - Ejecución y administración de procesos | B56: 71 - Recepción, ejecución y mantenimiento de operaciones | C56: 715 - Error contable | D56: 1 | E56: 1 | F56: =VLOOKUP(D56*E56,'riesgo inherente-Anexo '!C4:D28,2,TRUE) -> Bajo | G56: 1. Los movimientos diarios se pasan al auxiliar de oficina para su revisión (consecutivos, contabilización y soporte) 2. Area contable revisa contabilización y aprobación 3. Subgerencia aprueba y luego se archiva 4. Autocontrol, conciliaciones bancarias, Auditoría Interna 5. Reporte mensual a la Central de Riesgos, a la Supersolidaria a través del SICSES implica revisión de información para detectar errores o inconsistencias. 6. Cierre diario de operaciones de cartera, aportes, ahorros. 7. Procesos automaticos de causación de intereses, cartera, deterioro, depreciación. 8. Revisión diaria de desembolsos de créditos por Jefe de Crédito y Cartera y de proveedores por Gerencia 9. Revisión de datos ingresados de nuevos asociados: subgerencia y oficial de cumplimientos | H56: Auxiliar de oficina, Contadora y Subgerencia | I56: Permanente | J56: Preventivo | K56: Alta | L56: 1 | M56: 1 | N56: =VLOOKUP((D56*E56)-(L56*M56),'riesgo inherente-Anexo '!C2:D28,2,TRUE) -> Bajo | O56: No se requiere | P56: N.A. | Q56: Baja | R56: Gestor de Riesgos | S56: 44926 | T56: Implementación
A57: 7 - Ejecución y administración de procesos | B57: 71 - Recepción, ejecución y mantenimiento de operaciones | C57: 716 - Falla en la gestión documental | D57: 1 | E57: 1 | F57: =VLOOKUP(D57*E57,'riesgo inherente-Anexo '!C4:D28,2,TRUE) -> Bajo | G57: Se tienen 3 archivos: a) Expedientes b) pagarés c) contable: 1. Archivo de expedientes de asociados bajo responsabilidad de un empleado y el acceso requiere solicitud escrita. Se hace arqueo de expedientes. 2. Prohibición a empleados de revelar o entregar información a personas diferentes del asociado. 3. Archivo inactivo se conserva en la sede principal. 4. Pagares cancelados cada 15 días se sacan de la caja fuerte y se envian para archivo previa revisión de auditor interno. 5. Auxiliar de créditos envia pagarés de créditos desembolsados para custodia del Analista en Caja Fuerte | H57: Archivo, Analista de Credito | I57: Permanente | J57: Preventivo | K57: Alta | L57: 1 | M57: 1 | N57: =VLOOKUP((D57*E57)-(L57*M57),'riesgo inherente-Anexo '!C2:D28,2,TRUE) -> Bajo | O57: Pagarés desmaterializados y digitalización de pagarés, titulos valores y documentación contable, capacitación en gestión documental | P57: Gerencia | Q57: Media | R57: Gestor de Riesgos | S57: 44926 | T57: Implementación
A58: 7 - Ejecución y administración de procesos | B58: 71 - Recepción, ejecución y mantenimiento de operaciones | C58: 717 - Problema en el mantenimiento de datos de referencia | D58: 1 | E58: 1 | F58: =VLOOKUP(D58*E58,'riesgo inherente-Anexo '!C4:D28,2,TRUE) -> Bajo | G58: 1. Con las solicitudes de servicios o trámites se actualizan datos del asociado en el sistema y de referencias 2. Campañas de actualización de datos: en entrega de obserquios y actividades 3. Oficial de cumplimiento audita actualización de datos 4. Carta para solicitar actualización de datos. Si no actualiza datos se pasa a empresa de inactivos, se excluye y se envian aportes a remanentes y pasados 3 años aplica prescripción ordinaria. | H58: Oficial de cumplimiento | I58: Permanente | J58: Preventivo | K58: Alta | L58: 1 | M58: 1 | N58: =VLOOKUP((D58*E58)-(L58*M58),'riesgo inherente-Anexo '!C2:D28,2,TRUE) -> Bajo | O58: No se requiere | P58: N.A. | Q58: Baja | R58: Gestor de Riesgos | S58: 44926 | T58: Implementación
A59: 7 - Ejecución y administración de procesos | B59: 71 - Recepción, ejecución y mantenimiento de operaciones | C59: 718 - Error en otras tareas, falla en la entrega | D59: 1 | E59: 1 | F59: =VLOOKUP(D59*E59,'riesgo inherente-Anexo '!C4:D28,2,TRUE) -> Bajo | G59: 1. Errores en debida diligencia generan llamado de atención y corrección del proceso 2. Auditoría Interna mensualmente envía informes a la Gerencia y Consejo de Administración y se socializan fallas, errores o incumplimientos con las personas involucradas para la corrección de las fallas detectadas. Igual procedimiento se sigue con los informes de revisoría. 3. Evaluación semestral de competencias y planes de mejoramiento para empleados con problemas reiterativos. 4. Plan de capacitación y actualización anual de empleados | H59: Gerencia | I59: Permanente | J59: Preventivo | K59: Alta | L59: 1 | M59: 1 | N59: =VLOOKUP((D59*E59)-(L59*M59),'riesgo inherente-Anexo '!C2:D28,2,TRUE) -> Bajo | O59: No se requiere | P59: N.A. | Q59: Baja | R59: Gestor de Riesgos | S59: 44926 | T59: Implementación
A60: 7 - Ejecución y administración de procesos | B60: 71 - Recepción, ejecución y mantenimiento de operaciones | C60: 719 - Seguridad de la información | D60: 1 | E60: 1 | F60: =VLOOKUP(D60*E60,'riesgo inherente-Anexo '!C4:D28,2,TRUE) -> Bajo | G60: 1. Accesos personalizados con claves por empleado para el aplicativo contable con diferentes niveles de seguridad y trazabilidad de acceso (perfiles de usuario) 2. Cambios en los perfiles deben solictarse por escrito a Sistemas por Gerencia - Subgerencia 3. Controles y seguridades frente a ataques externos: seguridad perimetral (cortafuegos y antivirus) | H60: Gerencia y Sistemas | I60: Permanente | J60: Preventivo | K60: Alta | L60: 1 | M60: 1 | N60: =VLOOKUP((D60*E60)-(L60*M60),'riesgo inherente-Anexo '!C2:D28,2,TRUE) -> Bajo | O60: Establecer controles automáticos informáticos para envio de bases de datos a través de correos electrónicos o dispositivos externos | P60: Sistemas | Q60: Baja | R60: Gestor de Riesgos | S60: 44926 | T60: Implementación
A61: 7 - Ejecución y administración de procesos | B61: 71 - Recepción, ejecución y mantenimiento de operaciones | C61: 7110 - Exceso de manualidad | D61: 1 | E61: 1 | F61: =VLOOKUP(D61*E61,'riesgo inherente-Anexo '!C4:D28,2,TRUE) -> Bajo | G61: 1. La mayoría de los procesos críticos están automatizados y parametrizables 2. Modulos reportes: exógena, UIAF, Centrales de Riesgo, SICSES 3. Software OPA: Robusto, Estable, seguro, con buen soporte y actualización por parte del proveedor | H61: Gerencia y Sistemas | I61: Permanente | J61: Preventivo | K61: Alta | L61: 1 | M61: 1 | N61: =VLOOKUP((D61*E61)-(L61*M61),'riesgo inherente-Anexo '!C2:D28,2,TRUE) -> Bajo | O61: Se está efectuando evaluación de procesos para identificar cuales pueden ser automatizados: vinculación de asociados | P61: Sistemas | Q61: Media | R61: Gestor de Riesgos | S61: 44926 | T61: Implementación
A62: 7 - Ejecución y administración de procesos | B62: 72 - Seguimiento y presentación de informes | C62: 721 - Incumplimiento de la obligación de informar | D62: 1 | E62: 1 | F62: =VLOOKUP(D62*E62,'riesgo inherente-Anexo '!C4:D28,2,TRUE) -> Bajo | G62: 1. La entidad ha adoptado medidas para dar cumplimiento a la ley de protección de datos personales, registro unico nacional de bases de datos y ley de habeas data. 2. Mensualmente se reporta a través del SICSES la información requerida por la Supersolidaria y se envian los controles de legalidad de reformas estatutarias y reporte de informacion impresa así como las posesiones de administradores, revisores y oficiales de cumplimiento. 3. El informe de gestión, los estados financieros, las notas y revelaciones cumplen con el estándar NIIF para PYMES version 2015 aplicable en Colombia, las normas de buen gobierno establecidas por el decreto 962 de 2018 y el capitulo 7 y 8 del titulo IV de la Circular Básica Jurídica. 4. Anualmente se actualiza el registro WEB con la DIAN con información publica 5. A través de la página WEB se publica información general para los asociados estautos y reglamentos. 6. Al ingreso los asociados son informados sobre deberes, derechos y características de la cooperativa, oportunidades de participación y espacios de información y capacitación así como sobre los servicios de la entidad y se brinda capacitación cooperativa permanente. 7. Al momento del desembolso previo al mismo el deudor potencial es informado de las características del crédito aprobado y sus condiciones y firma la carta de aceptación del crédito. 8. Mensualmente se reune el comité de riesgo de liquidez, el comité de riesgos y se revisan los informes de auditoría interna y de la revisoría fiscal tanto por la gerencia, como por el comité de riesgos y el consejo de Administración. 9. La Junta de Vigilancia hace labor de Control social y vela por la legalidad de los actos de los administradores | H62: Gerencia y Contabilidad | I62: Permanente | J62: Preventivo | K62: Alta | L62: 1 | M62: 1 | N62: =VLOOKUP((D62*E62)-(L62*M62),'riesgo inherente-Anexo '!C2:D28,2,TRUE) -> Bajo | O62: No se requiere | P62: N.A. | Q62: Media | R62: Gestor de Riesgos | S62: 44926 | T62: Implementación
A63: 7 - Ejecución y administración de procesos | B63: 72 - Seguimiento y presentación de informes | C63: 722 - Pérdidas por inexactitud de los informes externos | D63: 1 | E63: 1 | F63: =VLOOKUP(D63*E63,'riesgo inherente-Anexo '!C4:D28,2,TRUE) -> Bajo | G63: 1. Los informes enviados a la Supersolidaria, UIAF y Centrales de Riesgo son elaborados por la Contadora, Jefe de Crédito y Oficial de Cumplimiento y revisados por Auditoría Interna y Revisoría Fiscal. | H63: Contadora, oficial de cumplimiento | I63: Permanente | J63: Preventivo | K63: Alta | L63: 1 | M63: 1 | N63: =VLOOKUP((D63*E63)-(L63*M63),'riesgo inherente-Anexo '!C2:D28,2,TRUE) -> Bajo | O63: No se requiere | P63: N.A. | Q63: Baja | R63: Gestor de Riesgos | S63: 44926 | T63: Implementación
A64: 7 - Ejecución y administración de procesos | B64: 73 - Aceptación de clientes y documentación en contratación | C64: 731 - Inexistencia de autorizaciones, rechazos de los clientes | D64: 1 | E64: 1 | F64: =VLOOKUP(D64*E64,'riesgo inherente-Anexo '!C4:D28,2,TRUE) -> Bajo | G64: 1. La vinculación de contrapartes pasa por un estricto proceso de recolección y verificación de información, consulta en listas vinculantes y evaluación de riesgo. 2. La vinculación de asociados es autorizada por el Consejo de Administración. 3. La contratación de proveedores es autorizada por la Gerencia y la Subgerencia conforme a sus atribuciones y segun presupuesto elaborado por el Consejo de Administración. 4. Todas las operaciones son revisadas por el auxiliar de oficina y además cuentan con alguna instancia superior de verificación y autorización: subgerencia, contabilidad, Jefe de Crédito y Cartera y Auditoría Interna, antes de pasar a archivo. | H64: Auxiliar de oficina, Contabilidad, Subgerencia, Crédito y Cartera, Gerencia | I64: Permanente | J64: Preventivo | K64: Alta | L64: 1 | M64: 1 | N64: =VLOOKUP((D64*E64)-(L64*M64),'riesgo inherente-Anexo '!C2:D28,2,TRUE) -> Bajo | O64: No se requiere | P64: N.A. | Q64: Baja | R64: Gestor de Riesgos | S64: 44926 | T64: Implementación
A65: 7 - Ejecución y administración de procesos | B65: 73 - Aceptación de clientes y documentación en contratación | C65: 732 - Documentos jurídicos inexistentes o incompletos | D65: 1 | E65: 1 | F65: =VLOOKUP(D65*E65,'riesgo inherente-Anexo '!C4:D28,2,TRUE) -> Bajo | G65: 1. Se cuenta con oficina externa especializada para apoyo jurídico en la elaboración de documentos 2. Los titulos valores como pagarés de deudores son administrados por el area de crédito en caja fuerte y se depuran cada 15 días. 3. Se hace arqueo periodico de pagarés por cartera, auditoría interna y revisoría fiscal | H65: Gerencia y Cartera | I65: Permanente | J65: Preventivo | K65: Alta | L65: 1 | M65: 1 | N65: =VLOOKUP((D65*E65)-(L65*M65),'riesgo inherente-Anexo '!C2:D28,2,TRUE) -> Bajo | O65: No se requiere | P65: N.A. | Q65: Baja | R65: Gestor de Riesgos | S65: 44926 | T65: Implementación
A66: 7 - Ejecución y administración de procesos | B66: 74 - Gestión de cuentas de clientes | C66: 741 - Accesos no autorizados a cuentas | D66: 1 | E66: 1 | F66: =VLOOKUP(D66*E66,'riesgo inherente-Anexo '!C4:D28,2,TRUE) -> Bajo | G66: 1. Se cuenta con perfiles de usuario parametrizados por sistemas con autorización de gerencia o subgerencia que limita los accesos solo a los procesos o transacciones relativas a las funciones del cargo y con claves de acceso personalizadas que permiten evitar accesos no autorizados y trazabilidad de acceso y transacciones efectuadas por el usuario. 2. Se tienen cortafuegos y antivirus para evitar accesos externos no autorizados. | H66: Sistemas y gerencia | I66: Permanente | J66: Preventivo | K66: Alta | L66: 1 | M66: 1 | N66: =VLOOKUP((D66*E66)-(L66*M66),'riesgo inherente-Anexo '!C2:D28,2,TRUE) -> Bajo | O66: No se requiere | P66: N.A. | Q66: Baja | R66: Gestor de Riesgos | S66: 44926 | T66: Implementación
A67: 7 - Ejecución y administración de procesos | B67: 74 - Gestión de cuentas de clientes | C67: 742 - Perdidas por registros incorrectos de clientes | D67: 1 | E67: 1 | F67: =VLOOKUP(D67*E67,'riesgo inherente-Anexo '!C4:D28,2,TRUE) -> Bajo | G67: 1. Diariamente se revisan las transacciones por el Auxiliar de oficina antes de pasarlos a Subgerencia, contabilidad y cartera para sus respectivas firmas, revisiones y autorizaciones. 2. Diariamente se cierran las transacciones de cartera, aportes, captaciones 3. Auditoría interna efectúa revisiones sobre los movimientos diarios | H67: Auxiliar de oficina, subgerencia, contabilidad, crédito y Auditoría Interna | I67: Permanente | J67: Preventivo | K67: Alta | L67: 1 | M67: 1 | N67: =VLOOKUP((D67*E67)-(L67*M67),'riesgo inherente-Anexo '!C2:D28,2,TRUE) -> Bajo | O67: No se requiere | P67: N.A. | Q67: Baja | R67: Gestor de Riesgos | S67: 44926 | T67: Implementación
A68: 7 - Ejecución y administración de procesos | B68: 75 - Contrapartes comerciales | C68: 751 - Pérdida por fallas con contrapartes | D68: 1 | E68: 1 | F68: =VLOOKUP(D68*E68,'riesgo inherente-Anexo '!C4:D28,2,TRUE) -> Bajo | G68: 1. Para garantizar la entrega de ahorros conforme a las condiciones contractuales se cuenta con SARL: fondo de liquidez, plan de contingencia de liquidez, cupos de crédito contingentes pre aprobados con entidades financieras, se elabora el flujo de caja semanal y una posición de tesorería diaria. 2. Transportadora de Valores y convenio con Banco de Bogotá para proveer recursos de Caja. 3. Tarjeta de afinidad para manejo cuenta de ahorros a la vista - a través de ATH 4. Programación de desembolsos de créditos segun liquidez y en lo posible se desembolsa diario. Créditos de gerencia se desembolsan en 3 días, los de comité de crédito se demoran en promedio de una semana a otra. 5. Pago a proveedores se hace semanal los días martes con politica máxima a 30 días. 6. Pago nómina quincenal: todos los empleados son asociados y se les paga en su cuenta de ahorros en la cooperativa el 15 o un día antes del cierre para la segunda quincena. 7. Bajo endeudamiento bancario con Coopcentral. Nunca se ha presentado incumplimiento. 8. Cronograma anual de vencimiento de obligaciones tributarias y de seguridad social, contribuciones etc. 9. Devolución de aportes plazo máximo a 60 días estatutarios. 10. Entrega de auxilios de Fondo Mutual se reciben en el mes y se consignan en los primeros días del mes siguiente a través de cuentas de ahorro en la Cooperativa | H68: Gerencia Contabilidad Subgerencia | I68: Permanente | J68: Preventivo | K68: Alta | L68: 1 | M68: 1 | N68: =VLOOKUP((D68*E68)-(L68*M68),'riesgo inherente-Anexo '!C2:D28,2,TRUE) -> Bajo | O68: No se requiere | P68: N.A. | Q68: Baja | R68: Gestor de Riesgos | S68: 44926 | T68: Implementación
A69: 7 - Ejecución y administración de procesos | B69: 75 - Contrapartes comerciales | C69: 752 - Otros litigios con contrapartes diferentes a clientes | D69: 1 | E69: 1 | F69: =VLOOKUP(D69*E69,'riesgo inherente-Anexo '!C4:D28,2,TRUE) -> Bajo | G69: 1. La Cooperativa cuenta con una cultura de cumplimiento de sus compromisos y apego esctricto a la ley 2. Se cuenta con abogados especializados para representar a la Cooperativa ante cualquier demanda | H69: Gerencia | I69: Permanente | J69: Preventivo | K69: Alta | L69: 1 | M69: 1 | N69: =VLOOKUP((D69*E69)-(L69*M69),'riesgo inherente-Anexo '!C2:D28,2,TRUE) -> Bajo | O69: No se requiere | P69: N.A. | Q69: Baja | R69: Gestor de Riesgos | S69: 44926 | T69: Implementación
A70: 7 - Ejecución y administración de procesos | B70: 76 - Proveedores | C70: 761 - Pérdida por fallas en subcontratación | D70: 1 | E70: 1 | F70: =VLOOKUP(D70*E70,'riesgo inherente-Anexo '!C4:D28,2,TRUE) -> Bajo | G70: 1. La entidad no subcontrata ninguno de sus procesos sin embargo a través de OPA se tiene subcontratada la conexion con el Banco para la actualización (sincronización) de saldos y movimientos con el Banco. 2. Se establece convenios de prestacion de servicios a los asociados con entidades especializadas en el ramo preferiblemente del sector solidario, especialmente en el campo de seguros y previsión exequial, así como convenios de CONSUMO dejando prestablecidas claramente las responsabilidades e independiencia de cada actor donde la Cooperativa solo es intermediaria para el pago o financiación. | H70: Gerencia | I70: Permanente | J70: Preventivo | K70: Alta | L70: 1 | M70: 1 | N70: =VLOOKUP((D70*E70)-(L70*M70),'riesgo inherente-Anexo '!C2:D28,2,TRUE) -> Bajo | O70: No se requiere | P70: N.A. | Q70: Baja | R70: Gestor de Riesgos | S70: 44926 | T70: Implementación
A71: 7 - Ejecución y administración de procesos | B71: 76 - Proveedores | C71: 762 - Litigios con proveedores | D71: 1 | E71: 1 | F71: =VLOOKUP(D71*E71,'riesgo inherente-Anexo '!C4:D28,2,TRUE) -> Bajo | G71: 1. La Cooperativa cuenta con una cultura de cumplimiento de sus compromisos y apego esctricto a la ley 2. Se cuenta con abogados especializados para representar a la Cooperativa ante cualquier demanda | H71: Gerencia | I71: Permanente | J71: Preventivo | K71: Alta | L71: 1 | M71: 1 | N71: =VLOOKUP((D71*E71)-(L71*M71),'riesgo inherente-Anexo '!C2:D28,2,TRUE) -> Bajo | O71: No se requiere | P71: N.A. | Q71: Baja | R71: Gestor de Riesgos | S71: 44926 | T71: Implementación
A72: 7 - Ejecución y administración de procesos | B72: 76 - Proveedores | C72: 763 - Incumplimiento de las actividades contratadas | D72: 1 | E72: 1 | F72: =VLOOKUP(D72*E72,'riesgo inherente-Anexo '!C4:D28,2,TRUE) -> Bajo | G72: 1. Las compras de bienes o servicios y toda contratación requiere autorización de gerencia basado en sus atribuciones y el presupuesto aprobado por el Consejo de Administración y luego de análisis de oficial de cumplimiento para vinculación o actualización de proveedor. 2. Las negociaciones por cuantías mayores se respaldan con contratos. 3. Para la entrega de anticipos en contrataciones de bienes y servicios por cuantías mayores se exige poliza de cumplimiento y buen manejo del anticipo. 4. Se solicitan en las compras dos o más cotizaciones cuando son cuantías mayores. 5. Previo al pago se efectúa evaluación de cumplimiento y entrega a satisfacción por parte del responsable de recibir el bien o servicio y se efectúan las autorizaciones debidas para el pago por parte de Gerencia y/o subgerencia. | H72: Gerencia | I72: Permanente | J72: Preventivo | K72: Alta | L72: 1 | M72: 1 | N72: =VLOOKUP((D72*E72)-(L72*M72),'riesgo inherente-Anexo '!C2:D28,2,TRUE) -> Bajo | O72: No se requiere | P72: N.A. | Q72: Baja | R72: Gestor de Riesgos | S72: 44926 | T72: Implementación

Sheet Plan de Continuidad
A1: EVENTO | B1: DESCRIPCION ESTADO ACTUAL | C1: ACTIVIDADES A REALIZAR PARA RECUPERAR EL SERVICIO | D1: RESPONSABLE DE EJECUTAR EL PLAN | E1: TAREAS PENDIENTE DE REALIZAR | F1: TIEMPO DE RECUPERACIÓN | G1: MEJORAS AL SERVICIO
A2: INTERNET | B2: El canal principal es en FIBRA OPTICA y se tiene un canal para contigencias de BANDA ANCHA con otra empresa diferente. | C2: En caso de que se caiga la conexión por FIBRA OPTICA, se conecta automáticamente el CANAL de BANDA ANCHA. | D2: Automático. Asistente de Gerencia | E2: Ninguna | F2: Inmediato | G2: Ninguna
A3: SWICHT | B3: CAJA UNION cuenta con dos equipos para esta función y un equipo de respaldo en caso de falla | C3: Si falla un equipo, se procede a la instalación inmediata del respaldo. El tiempo aproximado del reemplazo es 10 minutos. | D3: Asistente de Gerencia y Gerente. Ambos técnicos en sistemas y redes | E3: Ninguna | F3: 10 minutos | G3: Ninguna
A4: ENERGIA | B4: Se cuenta con UPS | C4: La UPS soporta hasta 2 horas de funcionamiento sin energía | D4: Automático. Asistente de Gerencia | E4: Ninguna | F4: AUTOMATICO
A5: DESTRUCCION DE LAS OFICINAS (incendio, terremoto, terrorismo, asonada) | B5: La oficina es arrendada localizada en el Centro de Cúcuta (Norte de Santander) a dos cuadras de la Avenida CERO. El municipio es de bajo riesgo en orden público, sísmico y de inundaciones y cuenta con alarmas contra incendio. CAJA UNION es miembro de la red COOPCENTRAL lo que significa que los asociados pueden hacer sus transacciones en cualquiera de las casi 500 oficinas que forman parte de la RED | C5: FASE I: el Gerente con uno o dos empleados más puede conectarse con sus equipos portátiles a la RED para efectuar pagos y transferencias (retiros de ahorros o desembolsos). Aquellos que no tengan cuenta bancaria se les podrá girar cheque. FASE II: Arrendar LOCAL COMERCIAL y efectuar las adecuaciones físicas necesarias para los puestos de trabajo prioritarios de servicio CAJAS, la red (contratista usual) y los equipos (se compran). La información está en la "NUBE". Se requiere hacer publicidad para informar del evento y nuevo lugar de trabajo. | D5: Gerencia y Asitente de Gerencia | E5: Lograr que la mayoria de los asociados cuente con Tarjeta Débito para disponer de sus recursos a través de la red de cajeros automáticos o pago directo | F5: FASE I: 2 horas / FASE II: 48 horas. En caso de terremoto, la Fase I podría tardarse 48 horas y la Fase II una semana. | G5: Implementar CORRSPONSALES BANCARIOS e informar a todos los asociados las entidades que integral la RED Coopcentral
A6: FALLO DE EQUIPOS por daño físico | B6: Los equipos son propios (computadores, impresoras, telefonos) y tienen plan de mantenimiento, seguros. Se reponen por obsolescencia o daño. Se tiene sistema a tierra para evitar quema masiva por rayo | C6: Se cuenta con dos equipos portátiles de contingencia para atender daños imprevistos. | D6: Asistente de Gerencia y Gerente. Ambos técnicos en sistemas y redes | E6: Ninguna | F6: Inmediato | G6: Ninguna
A7: TELEFONO | B7: Se cuenta con 4 lineas FIJAS y 4 Celulares | C7: La lineas FIJAS son con la unica empresa que opera en el Municipio y las celulares con CLARO en caso de falla de las fijas se recurre a los telefonos celulares CLARO corporativos y los personales. En caso de que los celulares corporativos fallen, se tendría que comprar o habilitar un servicio con otro proveedor en los telefonos celulares personales | D7: Asistente de Gerencia | E7: Ninguna | F7: Inmediato | G7: Ninguna
A8: DATOS DE USUARIO y APLICATIVO | B8: La información de cada usuario se almacena en su equipos de computo y este a su vez se le efectúa backup en el SERVIDOR DE DOMINIO. La información informacion del aplicativo está en la NUBE en Datacenter replicado en otros 2 servidores, uno fuera del país. Se cuenta con seguridad contra ataques informáticos y captura de información por sofware malicioso | C8: Solicitar al Asistente de Gerencia el descargue de la información requerida del Backup. | D8: Asistente de Gerencia | E8: Automatizar backup de archivos de trabajo de usuarios en la NUBE o dispositivo fuera de las instalaciones de la Cooperativa | F8: 5 minutos | G8: Manejar toda la información laboral en una sola carpeta, que no este en mis documentos o el escritorio, ubicaciones mas vulnerables a perdida de información.
A9: PERSONAL CLAVE DE LA GERENCIA | B9: El gerente y asistente de Gerencia tienen firmas registradas en Bancos y la Secretaria de Gerencia es Representante Legal Suplente | C9: En caso de ausencia por cualquier motivo del personal CLAVE de la GERENCIA existen personas con firmas y atribuciones que permiten que la Cooperativa continue operando bajo condiciones normales. En caso de ausencia del Contador la Cooperativa no se paraliza y el Gerente está en capacidad de reemplazarlo temporalmente. | D9: Gerencia y Asitente de Gerencia | E9: Ninguna | F9: Inmediato | G9: Ninguna
B13: ELABORO | C13: APROBO
B17: FIRMA Y NOMBRE | C17: FIRMA Y NOMBRE

Sheet riesgo inherente-Anexo 
A1: Proabilidad | B1: Severidad | C1: SCORE | D1: Riesgo Inherente | F1: Riesgo Inherente | G1: Frecuencia Control | H1: Tipo de Control | I1: Efectividad | J1: Estado Implementación
A2: 0 | B2: 0 | C2: -999 | D2: Bajo | F2: Bajo | G2: Permanente | H2: Detectivo | I2: Alta | J2: Planeación
A3: 0 | B3: 1 | C3: 0 | D3: Bajo | F3: Moderado | G3: Periódico | H3: Preventivo | I3: Media | J3: Diseño
A4: 1 | B4: 1 | C4: =+A4*B4 -> 1 | D4: Bajo | F4: Alto | G4: Esporádico | I4: Baja | J4: Pruebas
A5: 1 | B5: 2 | C5: =+A5*B5 -> 2 | D5: Bajo | F5: Crítico | G5: Anual | J5: Implementación
A6: 2 | B6: 1 | C6: =+A6*B6 -> 2 | D6: Bajo | G6: Unica | J6: Funcionamiento
A7: 1 | B7: 3 | C7: =+A7*B7 -> 3 | D7: Bajo
A8: 3 | B8: 1 | C8: =+A8*B8 -> 3 | D8: Bajo
A9: 1 | B9: 4 | C9: =+A9*B9 -> 4 | D9: Bajo
A10: 2 | B10: 2 | C10: =+A10*B10 -> 4 | D10: Bajo
A11: 4 | B11: 1 | C11: =+A11*B11 -> 4 | D11: Bajo
A12: 1 | B12: 5 | C12: =+A12*B12 -> 5 | D12: Bajo
A13: 5 | B13: 1 | C13: =+A13*B13 -> 5 | D13: Bajo
A14: 2 | B14: 3 | C14: =+A14*B14 -> 6 | D14: Moderado
A15: 3 | B15: 2 | C15: =+A15*B15 -> 6 | D15: Moderado
A16: 2 | B16: 4 | C16: =+A16*B16 -> 8 | D16: Moderado
A17: 4 | B17: 2 | C17: =+A17*B17 -> 8 | D17: Moderado
A18: 3 | B18: 3 | C18: =+A18*B18 -> 9 | D18: Moderado
... A28: 5 | B28: 5 | C28: =+A28*B28 -> 25 | D28: Crítico

Sheet Codificacion
A1: Factores de Riesgo | B1: Cod | C1: Categorías de Riesgos | D1: Cod | E1: Macroprocesos
A2: Fraude Interno | B2: 1 | C2: Fraude Interno | D2: 1 | E2: Gestion Gerencial
A3: Fraude Externo | B3: 2 | C3: Fraude Externo | D3: 2 | E3: Vinculación
A4: Relaciones Laborales | B4: 3 | C4: Relaciones Laborales | D4: 3 | E4: Crédito
A5: Asociados o clientes | B5: 4 | C5: Asociados o clientes | D5: 4 | E5: Ahorro
A6: Daños a Activos Físicos | B6: 5 | C6: Daños a Activos Físicos | D6: 5 | E6: Fondos Sociales y Bienestar
A7: Fallas Tecnologicas | B7: 6 | C7: Fallas Tecnologicas | D7: 6 | E7: Talento Humano
A8: Ejecución y Administración de Procesos | B8: 7 | C8: Ejecución y Administración de Procesos | D8: 7 | E8: Contabilidad y Gestion Administrativa
B11: PROBABILIDAD | E11: IMPACTO | F11: % de los ingresos ordinarios anuales sin recuperaciones
A12: 1 | B12: 1. Improbable | E12: 1. Insignificante | F12: Hasta 0,5%
A13: 2 | B13: 2. Raro | E13: 2. Menor | F13: >0,5% hasta 1%
A14: 3 | B14: 3. Potencia | E14: 3. Moderado | F14: >1% hasta 3%
A15: 4 | B15: 4. Probable | E15: 4. Mayor | F15: >3% hasta 10%
A16: 5 | B16: 5. Casi Certeza | E16: 5. Catastrófico | F16: >10%
